 Seeded DCSS version 0.28.0-43-g3370ac3207 (webtiles) character file.

Game seed: 13591998346360536447 (custom seed)

262 hikkokomori the Skirmisher (level 6, 56/56 HPs)
             Began as a Hill Orc Fighter on Mar 2, 2022.
             Quit the game on level 4 of the Dungeon.
             The game lasted 00:05:36 (3017 turns).

hikkokomori the Skirmisher (Hill Orc Fighter)       Turns: 3017, Time: 00:05:36

Health: 56/56      AC: 19    Str: 24    XL:     6   Next: 18%
Magic:  6/6        EV:  6    Int: 12    God:
Gold:   144        SH:  4    Dex: 10    Spells: 5/5 levels left

rFire   + . .      SeeInvis .   a - +0 war axe
rCold   + + .      Faith    .   c - +0 buckler
rNeg    . . .      Spirit   .   v - +4 plate armour
rPois   +          Reflect  .   s - +1 hat
rElec   .          Harm     .   i - +1 cloak {rPois}
rCorr   .          Rampage  .   (no gloves)
Will    .....                   (no boots)
Stlth   ..........              m - amulet of the Sun {Acrobat rC++ Str+3 Int+4}
HPRegen 0.18/turn               d - +4 ring of slaying
MPRegen 0.10/turn               l - ring of protection from fire

@: no status effects
A: no striking features
a: no special abilities


You were on level 4 of the Dungeon.
You visited 1 branch of the dungeon, and saw 4 of its levels.

You collected 144 gold pieces.

Inventory:

Hand Weapons
 a - a +0 war axe (weapon)
Missiles
 f - 37 arrows
Armour
 b - a +0 scale mail
 c - a +0 buckler (worn)
 i - a +1 cloak of poison resistance (worn)
 s - a +1 hat (worn)
 v - a +4 plate armour (worn)
Jewellery
 d - a +4 ring of slaying (left hand)
 k - a ring of resist corrosion
 l - a ring of protection from fire (right hand)
 m - the amulet of the Sun (around neck) {Acrobat rC++ Str+3 Int+4}
   (You acquired it on level 2 of the Dungeon)

   [amulet of the acrobat]

   It increases your evasion while moving and waiting.
   Str:       It affects your strength (+3).
   Int:       It affects your intelligence (+4).
   rC:        It greatly protects you from cold.
 o - a ring of protection from fire
Scrolls
 e - 2 scrolls of teleportation {unknown}
 h - 5 scrolls of identify {unknown}
 j - a scroll of vulnerability {unknown}
 p - 2 scrolls of summoning {unknown}
 r - a scroll of torment {unknown}
 t - a scroll of amnesia {unknown}
Potions
 g - 3 potions of haste {unknown}
 n - a potion of heal wounds {unknown}
 q - a potion of lignification {unknown}
 u - a potion of mutation {unknown}


   Skills:
 + Level 5.5 Fighting
 + Level 5.1 Axes
 + Level 5.0 Armour
 - Level 3.4 Shields


You had 5 spell levels left.
You didn't know any spells.
Your spell library contained the following spells:

 Spells                   Type           Power      Damage    Failure   Level
 Static Discharge         Conj/Air       0%         N/A       100%        2
 Sublimation of Blood     Necr           0%         N/A       100%        2
 Wereblood                Tmut           0%         N/A       100%        2
 Ozocubu's Armour         Ice            0%         N/A       100%        3
 Dispel Undead            Necr           0%         3d6       100%        4
 Sticky Flame             Conj/Fire      0%         2d3       100%        4
 Ozocubu's Refrigeration  Ice            0%         4d5       100%        7
 Summon Hydra             Summ           0%         N/A       100%        7


Dungeon Overview and Level Annotations

Branches:
Dungeon (4/15)
 Temple: D:4-7

Altars:
Hepliaklqana
The Shining One

Annotations:
D:3 2 transporters, Tayschli's ghost, amateur DjFE


Message History

You slash the gnoll!
You kill the gnoll!
The gnoll hits you from afar with a +0 spear.
The gnoll hits you but does no damage. You block the gnoll's attack.
Things that are here:
a +0 flail; a gnoll corpse You slash the gnoll!
You kill the gnoll!
Your Armour skill increases to level 5!
No target in view!
No target in view!
No target in view!
No target in view!
No target in view!
No target in view!
No target in view!
No target in view!
No target in view!
No target in view!
No target in view!
No target in view!
No target in view!
Things that are here:
a +0 halberd; a gnoll corpse
Things that are here:
a +0 flail; a gnoll corpse You see here a +0 spear.
You see here a +0 mace.
Done exploring.
Done exploring.
Done exploring.
Something appears at your feet!
Save game and exit?
Okay, then.
Saving game... please wait.
Welcome back, hikkokomori the Hill Orc Fighter.
Game seed: 13591998346360536447 (custom seed) Press ? for a list of commands and other information.
Are you sure you want to abandon this character and quit the game? (Confirm with "yes".)

### ##.# ...# ##.# #.#
##.# .#.#
################
.#.#######......@.......#
.####...###############.#
.# #≈._.≈### #)# ##
#≈...≈#.# #.#
####≈...≈#.############)#
...#≈...≈#...........>#)#
####≈...≈#.###.........)#
..###...##.# #..........#
..####'###.# #..#####..##


There were no monsters in sight!

Vanquished Creatures
  A hound (D:4)
  A bullfrog skeleton (D:4)
  Natasha (D:1)
  2 hound skeletons (D:4)
  3 gnolls (D:4)
  2 adders
  2 adder skeletons (D:4)
  3 worms
  6 dart slugs
  An orc (D:3)
  3 bats
  8 endoplasms
  2 giant cockroaches
  10 hobgoblins
  5 jackals
  8 kobolds
  A quokka (D:2)
  5 ball pythons
  A frilled lizard (D:2)
  4 goblins
  9 rats
  A spectral hobgoblin (D:4)
79 creatures vanquished.

Notes
Turn   | Place    | Note
-------+----------+-------------------------------------------
     0 | D:1      | hikkokomori the Hill Orc Fighter began the quest for the
                  | Orb.
     0 | D:1      | Reached XP level 1. HP: 19/19 MP: 1/1
   271 | D:1      | Reached XP level 2. HP: 25/27 MP: 2/2
   480 | D:1      | Reached XP level 3. HP: 32/33 MP: 3/3
  1260 | D:2      | Reached XP level 4. HP: 41/41 MP: 4/4
  1299 | D:2      | Found a faded altar of an unknown god.
  1399 | D:2      | Noticed Natasha
  1414 | D:1      | Killed Natasha
  1712 | D:2      | Identified 3 scrolls of acquirement
  1712 | D:2      | Acquired a +4 ring of slaying
  1714 | D:2      | Acquired a +1 cloak of poison resistance
  1715 | D:2      | Acquired the amulet of the Sun {Acrobat rC++ Str+3 Int+4}
  1882 | D:3      | Found a glowing golden altar of the Shining One.
  1967 | D:3      | Found a transporter.
  1970 | D:3      | Noticed Tayschli's ghost (amateur DjFE)
  2146 | D:3      | Found a transporter.
  2480 | D:4      | Reached XP level 5. HP: 47/47 MP: 5/5
  2513 | D:4      | Reached skill level 5 in Fighting
  2618 | D:4      | Found a hazy altar of Hepliaklqana.
  2783 | D:4      | Reached skill level 5 in Axes
  2783 | D:4      | Reached XP level 6. HP: 52/56 MP: 6/6
  2943 | D:4      | Reached skill level 5 in Armour
  3016 | D:4      | Acquired 803 gold pieces
  3017 | D:4      | Quit the game

Illustrated notes

Levels and vault maps discovered:
D:1:      wander_arrival_fairy_ring, layout_basic, chequers_serial_rivers_room_a
D:2:      layout_loops_ring, shapermc_ecumenical_altar_venn, uniq_natasha
D:3:      layout_loops_ring, mainiacjoe_overflow_chevrons,
          gammafunk_ghost_arena, hangedman_glass_teeth
D:4:      layout_basic, nicolae_hepliaklqana_monster_ancestors,
          due_unseen_surprise

Skill      XL: |  1  2  3  4  5  6 |
---------------+-------------------+-----
Axes           | 3 4 5 |  5.1
Fighting       | 4 5 |  5.5
Armour         | 4 5 |  5.0
Shields        | |  3.4

Action                   |  1- 3 |  4- 6 || total
-------------------------+-------+-------++-------
Melee: War axe           |    88 |    84 ||   172
  Use: Scroll            |       |     4 ||     4
       Potion            |       |     1 ||     1
Armor: Scale mail        |    37 |    33 ||    70
       Plate armour      |       |     4 ||     4
Dodge: Dodged            |    37 |    46 ||    83
Block: Buckler           |    24 |    21 ||    45
